Map: Frozen Temple

Players

oliM - Winner!

  • Race: Protoss Protoss
  • League: Master

Genies

  • Race: Protoss Protoss
  • League: Master

VOD

Have the link to the VOD?

Description

Time

  • Played on: Oct. 25, 2016, 3:17 a.m.
  • Length: 9:33
Show
View Real Time Build Order
Export as new Build Order

oliM Protoss - Winner!

Build Orders:  

Get SALT Encoding   

  12  0:01  Probe (Chrono Boost)  
  13  0:11  Probe (Chrono Boost)  
  14  0:20  Pylon  
  14  0:22  Probe (Chrono Boost)  
  15  0:38  Probe (Chrono Boost)  
  15  0:39  Gateway  
  16  0:49  Probe (Chrono Boost)  
  17  1:01  Probe (Chrono Boost)  
  18  1:13  Assimilator  
  18  1:14  Probe (Chrono Boost)  
  19  1:20  Pylon  
  19  1:24  Zealot  
  22  1:34  Probe (Chrono Boost)  
  22  1:40  Cybernetics Core  
  22  1:50  Probe (Chrono Boost)  
  23  2:00  Gateway  
  23  2:02  Probe (Chrono Boost)  
  24  2:12  Pylon  
  24  2:17  Mothership Core (Chrono Boost)  
  26  2:23  Warp Gate  
  26  2:29  Assimilator  
  26  2:42  Probe (Chrono Boost)  
  27  2:53  Probe (Chrono Boost)  
  27  2:56  Stalker, Pylon  
  30  3:05  Probe (Chrono Boost)  
  30  3:06  Stalker  
  32  3:18  Probe (Chrono Boost)  
  33  3:26  Stalker  
  35  3:33  Robotics Facility  
  35  3:37  Pylon  
  35  3:45  Twilight Council  
  35  3:56  Gateway  
  35  4:05  Nexus, Unknown  
  35  4:09  Blink  
  35  4:19  Robotics Facility  
  35  4:36  Stalker  
  37  4:41  Pylon  
  35  4:51  Stalker  
  38  5:00  Probe (Chrono Boost)  
  38  5:02  Pylon  
  38  5:04  Stalker  
  39  5:16  Unknown  
  39  5:19  Stalker  
  41  5:21  Stalker  
  41  5:26  Probe (Chrono Boost)  
  41  5:28  Observer  
  44  5:35  Stalker  
  47  5:40  Probe (Chrono Boost)  
  49  5:43  Probe (Chrono Boost)  
  49  5:52  Probe (Chrono Boost)  
  49  5:55  Probe (Chrono Boost)  
  49  5:56  Pylon  
  51  6:02  Stalker  
  54  6:04  Probe (Chrono Boost)  
  54  6:07  Probe (Chrono Boost)  
  55  6:13  Observer  
  55  6:16  Probe (Chrono Boost)  
  57  6:27  Probe (Chrono Boost), Assimilator  
  57  6:30  Stalker x2  
  57  6:32  Stalker  
  63  6:42  Probe (Chrono Boost)  
  63  6:43  Probe (Chrono Boost)  
  65  6:47  Pylon  
  66  6:54  Probe (Chrono Boost)  
  66  6:59  Stalker  
  68  7:05  Probe (Chrono Boost)  
  68  7:07  Gateway  
  69  7:08  Gateway  
  69  7:22  Probe (Chrono Boost)  
  68  7:26  Probe (Chrono Boost)  
  69  7:33  Templar Archives  
  69  7:34  Probe (Chrono Boost)  
  70  7:38  Forge  
  70  7:40  Probe (Chrono Boost)  
  70  7:42  Pylon  
  71  7:46  Probe (Chrono Boost), Assimilator  
  71  7:50  Stalker x3  
  78  8:08  Probe (Chrono Boost)  
  77  8:13  Stalker x2  
  77  8:14  Stalker x2  
  85  8:24  Pylon  
  85  8:25  Cybernetics Core  
  85  8:30  Stalker  
  69  8:53  Probe (Chrono Boost)  
  70  9:01  Probe (Chrono Boost), Stalker x3  
  70  9:02  Stalker x2  
  77  9:15  Probe (Chrono Boost)  
  72  9:25  Stalker x5  
Show
View Real Time Build Order
Export as new Build Order

Genies Protoss 

Build Orders: Oracle Opening 

Get SALT Encoding   

  12  0:08  Probe (Chrono Boost)  
  13  0:19  Probe (Chrono Boost)  
  14  0:22  Pylon  
  14  0:29  Probe (Chrono Boost)  
  15  0:44  Probe (Chrono Boost)  
  15  0:47  Assimilator  
  15  0:48  Assimilator  
  16  0:55  Probe (Chrono Boost)  
  17  1:03  Gateway  
  17  1:07  Probe (Chrono Boost)  
  18  1:16  Assimilator  
  18  1:17  Probe (Chrono Boost)  
  19  1:21  Assimilator  
  19  1:28  Probe (Chrono Boost)  
  20  1:38  Probe (Chrono Boost)  
  21  1:41  Pylon  
  21  1:51  Cybernetics Core  
  21  1:53  Probe (Chrono Boost)  
  22  2:03  Probe (Chrono Boost)  
  22  2:04  Pylon  
  24  2:28  Stargate  
  23  2:32  Mothership Core (Chrono Boost)  
  25  2:41  Forge  
  25  2:50  Probe (Chrono Boost)  
  26  3:08  Oracle  
  26  3:10  Probe (Chrono Boost)  
  30  3:22  Photon Cannon  
  30  3:23  Photon Cannon  
  30  3:27  Pylon  
  29  3:40  Oracle, Pylon  
  32  3:50  Pylon  
  32  3:51  Pylon  
  32  4:13  Oracle  
  32  4:20  Nexus, Unknown  
  35  4:46  Pylon  
  35  4:50  Assimilator  
  35  5:10  Void Ray  
  39  5:21  Stargate  
  39  5:25  Stargate, Assimilator  
  39  5:31  Unknown  
  39  5:39  Probe (Chrono Boost)  
  40  5:49  Probe (Chrono Boost)  
  41  5:53  Void Ray  
  45  6:00  Probe (Chrono Boost)  
  47  6:04  Void Ray  
  47  6:05  Probe (Chrono Boost)  
  52  6:12  Probe (Chrono Boost)  
  52  6:16  Void Ray  
  52  6:17  Probe (Chrono Boost)  
  53  6:24  Probe (Chrono Boost)  
  58  6:48  Void Ray  
  58  6:51  Void Ray  
  60  7:06  Void Ray  
  64  7:25  Void Ray  
  64  7:32  Pylon  
  64  7:33  Pylon  
  68  7:50  Void Ray  
  70  7:54  Void Ray  
  63  8:08  Probe (Chrono Boost)  
  62  8:27  Void Ray  
  46  9:04  Probe (Chrono Boost)  
Tags
 
Add a new tag
Caveats
  • Supply blocks, unpowered buildings, or Contaminate may cause inaccurate times.
  • Supply counts are checked every 10 seconds.